 Dungeon Crawl Stone Soup version 0.28-a0-578-g717728bcc0 (webtiles) character file.

Game seed: 3371431096108025731

77580 Gargoyl the Fighter (level 15, -19/120 HPs)
             Began as a Gnoll Abyssal Knight on Oct 2, 2021.
             Was the Champion of Lugonu.
             Killed from afar by Azrael (47 damage)
             ... with damnation
             ... on level 15 of the Dungeon.
             The game lasted 00:36:19 (32072 turns).

Gargoyl the Fighter (Gnoll Abyssal Knight)         Turns: 32072, Time: 00:36:20

Health: -19/120    AC: 26    Str: 29    XL:     15   Next: 57%
Magic:  29/29      EV: 14    Int: 10    God:    Lugonu [******]
Gold:   2080       SH: 34    Dex: 22    Spells: 34/34 levels left

rFire   + . .      SeeInvis +   L - +6 demon trident of Focus {drain, *Corrode Dex+10 SInv Stlth-}
rCold   . . .      Faith    .   J - +11 tower shield of the World {rCorr Str+4}
rNeg    . . .      Spirit   .   f - +2 chain mail {rPois}
rPois   +          Reflect  +   r - +1 helmet {SInv}
rElec   .          Harm     .   V - +2 cloak {Stlth+}
rCorr   +          Rampage  .   d - +2 pair of gloves
Will    ++...                   h - +1 pair of boots
Stlth   +++.......              K - amulet of reflection
HPRegen 0.30/turn               l - +6 ring of strength
MPRegen 0.21/turn               Q - ring of protection from fire

@: no status effects
A: fangs 1, strong nose, distributed training, strong-willed 1, sturdy frame 1,
devolution 1
a: Renounce Religion, Depart the Abyss, Bend Space, Banish, Corrupt, Enter the
Abyss, Brand Weapon With Distortion


You were on level 15 of the Dungeon.
You worshipped Lugonu.
Lugonu was exalted by your worship.
You visited 2 branches of the dungeon, and saw 21 of its levels.
You visited the Abyss 1 time.

You collected 2080 gold pieces.

Inventory:

Hand Weapons
 a - a +1 vorpal hand axe
 s - a +3 dagger of venom
 L - the +6 demon trident of Focus (weapon) {drain, *Corrode Dex+10 SInv Stlth-}
   (You acquired it on level 1 of the Lair of Beasts)

   A truly terrible weapon, it drains the life of any living foe it strikes.
   Dex:       It affects your dexterity (+10).
   SInv:      It lets you see invisible.
   *Corrode:  It may corrode you when you take damage.
   Stlth:     It makes you less stealthy.
Missiles
 c - 3 javelins
 e - 109 poisoned darts (quivered)
 B - 6 throwing nets
 H - 3 curare-tipped darts
Armour
 d - a +2 pair of gloves (worn)
 f - a +2 chain mail of poison resistance (worn)
 h - a +1 pair of boots (worn)
 r - a +1 helmet of see invisible (worn)
 J - the +11 tower shield of the World (worn) {rCorr Str+4}
   (You took it off a gnoll on level 12 of the Dungeon)

   Str:       It affects your strength (+4).
   rCorr:     It protects you from acid and corrosion.
 V - a +2 cloak of stealth (worn)
Jewellery
 g - a ring of see invisible
 j - a ring of positive energy
 l - a +6 ring of strength (left hand)
 w - a ring of protection from cold
 x - a +6 ring of strength
 K - an amulet of reflection (around neck)
 N - a ring of wizardry
 Q - a ring of protection from fire (right hand)
Wands
 k - a wand of iceblast (25)
 t - a wand of polymorph (6)
 E - a wand of digging (2)
 F - a wand of paralysis (10)
 M - a wand of mindburst (10)
 P - a wand of charming (12)
 S - a wand of flame (30)
Scrolls
 b - 2 scrolls of blinking
 p - 7 scrolls of teleportation
 y - 2 scrolls of fog
 A - 4 scrolls of identify
 C - 2 scrolls of magic mapping
 O - 2 scrolls of summoning
Potions
 i - 6 potions of curing
 m - a potion of invisibility
 o - 3 potions of flight
 q - 2 potions of might
 v - a potion of resistance
 z - a potion of brilliance
 D - 2 potions of mutation
 G - a potion of lignification
 I - 2 potions of heal wounds
 R - a potion of haste
 T - a potion of cancellation


   Skills:
 + Level 12.0 Fighting
 + Level 10.2 Short Blades
 + Level 10.2 Long Blades
 + Level 11.2 Axes
 + Level 10.2 Maces & Flails
 + Level 10.2 Polearms
 + Level 10.2 Staves
 + Level 10.2 Slings
 + Level 10.2 Bows
 + Level 10.2 Crossbows
 + Level 10.2 Throwing
 + Level 11.2 Armour
 + Level 10.5 Dodging
 + Level 10.2 Stealth
 + Level 10.2 Shields
 + Level 10.2 Unarmed Combat
 + Level 10.2 Spellcasting
 + Level 8.5 Conjurations
 + Level 8.5 Hexes
 + Level 8.5 Summonings
 + Level 8.5 Necromancy
 + Level 8.5 Translocations
 + Level 8.5 Transmutations
 + Level 8.5 Fire Magic
 + Level 8.5 Ice Magic
 + Level 8.5 Air Magic
 + Level 8.5 Earth Magic
 + Level 8.5 Poison Magic
 + Level 12.0 Invocations
 + Level 10.2 Evocations


You had 34 spell levels left.
You didn't know any spells.
Your spell library contained the following spells:

 Spells                   Type           Power      Damage    Failure   Level
 Foxfire                  Conj/Fire      88%        2x1d8     8%          1
 Magic Dart               Conj           88%        1d7       8%          1
 Call Imp                 Summ           22%        N/A       12%         2
 Ensorcelled Hibernation  Hex/Ice        44%        N/A       12%         2
 Call Canine Familiar     Summ           22%        N/A       22%         3
 Conjure Flame            Conj/Fire      22%        6-21      22%         3
 Gell's Gravitas          Tloc           11%        N/A       22%         3
 Inner Flame              Hex/Fire       22%        N/A       22%         3
 Lesser Beckoning         Tloc           22%        N/A       22%         3
 Mephitic Cloud           Conj/Pois/Air  22%        N/A       22%         3
 Portal Projectile        Hex/Tloc       44%        N/A       22%         3
 Spider Form              Tmut/Pois      11%        N/A       22%         3
 Teleport Other           Tloc           22%        N/A       22%         3
 Tukima's Dance           Hex            22%        N/A       22%         3
 Animate Dead             Necr           11%        N/A       58%         4
 Flame Wave               Conj/Fire      22%        3d6       58%         4
 Leda's Liquefaction      Hex/Erth       11%        N/A       58%         4
 Olgreb's Toxic Radiance  Pois           22%        N/A       58%         4
 Passage of Golubria      Tloc           N/A        N/A       58%         4
 Summon Ice Beast         Ice/Summ       22%        N/A       58%         4
 Borgnjor's Vile Clutch   Necr/Erth      11%        N/A       91%         5
 Summon Forest            Summ/Tloc      11%        N/A       91%         5
 Summon Mana Viper        Hex/Summ       22%        N/A       91%         5
 Yara's Violent Unravell  Hex/Tmut       11%        3d6       91%         5
 Death Channel            Necr           11%        N/A       100%        6
 Summon Cactus Giant      Summ           11%        N/A       100%        6
 Monstrous Menagerie      Summ           11%        N/A       100%        7
 Ozocubu's Refrigeration  Ice            11%        4d7       100%        7
 Ignition                 Fire           11%        3d5       100%        8


Dungeon Overview and Level Annotations

Branches:
Dungeon (15/15)            Temple (0/1) D:5            Lair (6/6) D:11
  Swamp (0/4) Lair:4        Snake (0/4) Lair:3        Slime (0/5) Lair:5
    Orc (0/2) D:10         Vaults (0/5) D:14         Depths (0/4) D:15

Altars:
Dithmenos
Elyvilon
Kikubaaqudgha
Nemelex Xobeh
Qazlal
Vehumet
Jiyva
Lugonu

Shops:
D:2 =   D:13 [

Portals:
Abyss: Lair:3

Annotations:
D:15 Azrael
Lair:2 2 transporters


Innate Abilities, Weirdness & Mutations

You have very sharp teeth.
Your uncanny sense of smell can sniff out nearby items.
Your experience applies equally to all skills.
You are strong-willed. (Will+)
Your movements are slightly less encumbered by armour. (ER -2)
You have hidden genetic defects.


Message History

You puncture the hell hound!
You kill the hell hound!
Lugonu accepts your kill.
You puncture Azrael! You bite Azrael, but do no damage.
Azrael is lightly wounded.
Azrael hits you but does no damage.
You impale Azrael!! You bite Azrael.
Azrael is heavily wounded.
Azrael gestures at you.
The sphere of damnation explodes!
The damnation engulfs you!!
The damnation engulfs Azrael.
Azrael completely resists.
You hit Azrael but do no damage.
Azrael is heavily wounded.
Azrael gestures at you.
The sphere of damnation explodes!
The damnation engulfs you!!!
The damnation engulfs Azrael.
Azrael completely resists.
Your shield prevents you from hitting Azrael.
You bite Azrael, but do no damage.
Azrael is heavily wounded.
You block Azrael's attack.
You puncture Azrael!
Azrael is heavily wounded.
You block Azrael's attack.
You hit Azrael.
Azrael is severely wounded.
Azrael gestures at you.
The sphere of damnation explodes!
The damnation engulfs you!!
* * * LOW HITPOINT WARNING * * *
The damnation engulfs Azrael.
Azrael completely resists.
You block Azrael's attack.
You puncture Azrael! You bite Azrael, but do no damage.
Azrael is severely wounded.
A wolf spider simulacrum comes into view.
You block Azrael's attack.
Unknown command.
You puncture Azrael!
Azrael is almost dead.
Azrael gestures at you.
The sphere of damnation explodes!
The damnation engulfs you!!!
You die...

.....##
#.#..#......#########.##
...P..## #.##.##.#####
#.# .......# #.##.##.#
#.# ...P...#
#.......######## ##.#
.......# ####.#####.....#
#..##
...P...#####..#####.....#
#...#
>......°).○hR...........#
###.#
.......####.☼☼#†R##.....#
#.# .....8°#
#...#.@##.....# #.#
88....P# #..##..########
#.# ...8☼..####...Z..####
#.# 8..P..###...........#
#.# ....P## #.##..#..##.#
#.# ..####
#.##........##### #.# #.#
###########.#...#######.#
#.# #.#.#.........# #.#
#.....#########


You could see Azrael and a wolf spider simulacrum.

Vanquished Creatures
  Gastronok (Lair:2)
  9 hydras
  8 vault guards (D:14)
  2 centaur warriors
  A catoblepas (Lair:6)
  10 two-headed ogres
  2 tengu warriors
  A death yak (Lair:4)
  Sonja (D:12)
  2 skeletal warriors (D:15)
  A tengu zombie (D:15)
  A lindwurm (Lair:6)
  A wizard (D:14)
  6 ugly things
  A necromancer (D:15)
  A phantasmal warrior (D:15)
  2 manticores
  A frost giant zombie (D:15)
  An oklob plant (Lair:1)
  4 cyclopes
  A fire giant skeleton (D:15)
  14 elephants
  2 centaur zombies (D:11)
  Maurice (D:13)
  A torpor snail (Lair:4)
  3 black mambas
  23 cane toads
  2 gargoyles (D:13)
  2 unseen horrors
  3 rime drakes
  A kobold demonologist (D:12)
  11 komodo dragons
  5 trolls
  A tengu conjurer (D:14)
  5 polar bears
  5 blink frogs
  A slime creature (Lair:5)
  7 dream sheep
  An ettin zombie (D:15)
  A spriggan (shapeshifter) (D:14)
  2 shadows
  4 wraiths
  5 wyverns
  3 fire elementals (D:15)
  2 basilisks (Lair:6)
  77 yaks
  A steam dragon (D:7)
  Grum (Lair:1)
  4 vampire mosquitoes (D:12)
  3 acid dragons
  5 hell hounds
  12 water moccasins
  A hornet zombie (D:7)
  7 orc warriors
  Duvessa (D:5)
  A sky beast (D:6)
  A black bear (D:5)
  2 ogres
  10 wolves
  10 centaurs
  A phantom (D:7)
  A kobold brigand (D:9)
  3 scorpions
  12 bullfrogs
  2 gnoll sergeants
  Dowan (D:5)
  A water moccasin skeleton (D:4)
  16 killer bees
  4 electric eels (Lair:3)
  6 wights
  3 howler monkeys
  3 bullfrog zombies
  10 jellies (Lair:5)
  A gnoll shaman (D:7)
  6 orc priests
  3 hounds
  2 centaur skeletons
  5 iguanas
  14 orc wizards
  A mummy (D:6)
  A howler monkey zombie (D:6)
  7 adders
  18 gnolls
  A white imp (D:8)
  An adder skeleton (D:4)
  2 worms
  4 dart slugs (D:1)
  41 orcs
  6 bats
  19 endoplasms
  2 giant cockroaches (D:3)
  6 goblins
  2 hobgoblins
  4 jackals (D:2)
  2 quokkas
  5 ball pythons
  6 frilled lizards
  3 hobgoblin zombies (D:6)
  10 kobolds
  A kobold zombie (D:6)
  A quokka skeleton (D:4)
  11 rats
  A bush (Lair:1)
547 creatures vanquished.

Vanquished Creatures (others)
  A manticore (Lair:6)
  A scorpion (D:6)
  An orc (D:8)
  29 fungi
  A lurking horror (Lair:3)
  23 plants
  6 withered plants (D:15)
62 creatures vanquished.

Grand Total: 609 creatures vanquished

Notes
Turn   | Place    | Note
-------+----------+-------------------------------------------
     0 | Abyss:1  | Gargoyl the Gnoll Abyssal Knight began the quest for the
                  | Orb.
     0 | Abyss:1  | Reached XP level 1. HP: 23/23 MP: 3/3
    52 | Abyss:2  | Found a corrupted altar of Lugonu.
    56 | Abyss:2  | Noticed a sky beast
    60 | D:1      | Escaped the Abyss
   354 | D:1      | Reached XP level 2. HP: 29/29 MP: 5/5
   364 | D:1      | Reached * piety under Lugonu
   582 | D:1      | Found a faded altar of an unknown god.
   675 | D:1      | Reached XP level 3. HP: 32/35 MP: 6/6
   956 | D:2      | Found Ehyteff's Jewellery Emporium.
  1108 | D:2      | Reached skill level 1 in Short Blades
  1108 | D:2      | Reached skill level 1 in Long Blades
  1108 | D:2      | Reached skill level 1 in Maces & Flails
  1108 | D:2      | Reached skill level 1 in Polearms
  1108 | D:2      | Reached skill level 1 in Staves
  1108 | D:2      | Reached skill level 1 in Slings
  1108 | D:2      | Reached skill level 1 in Bows
  1108 | D:2      | Reached skill level 1 in Crossbows
  1108 | D:2      | Reached skill level 1 in Throwing
  1108 | D:2      | Reached skill level 1 in Stealth
  1108 | D:2      | Reached skill level 1 in Shields
  1108 | D:2      | Reached skill level 1 in Unarmed Combat
  1108 | D:2      | Reached skill level 1 in Spellcasting
  1108 | D:2      | Reached skill level 1 in Evocations
  1108 | D:2      | Reached XP level 4. HP: 21/41 MP: 7/7
  1555 | D:2      | Reached ** piety under Lugonu
  2035 | D:3      | Reached skill level 1 in Conjurations
  2035 | D:3      | Reached skill level 1 in Hexes
  2035 | D:3      | Reached skill level 1 in Summonings
  2035 | D:3      | Reached skill level 1 in Necromancy
  2035 | D:3      | Reached skill level 1 in Translocations
  2035 | D:3      | Reached skill level 1 in Transmutations
  2035 | D:3      | Reached skill level 1 in Fire Magic
  2035 | D:3      | Reached skill level 1 in Ice Magic
  2035 | D:3      | Reached skill level 1 in Air Magic
  2035 | D:3      | Reached skill level 1 in Earth Magic
  2035 | D:3      | Reached skill level 1 in Poison Magic
  2718 | D:4      | Reached XP level 5. HP: 46/47 MP: 8/8
  2960 | D:4      | Reached skill level 5 in Invocations
  2960 | D:4      | Reached XP level 6. HP: 43/53 MP: 9/9
  3055 | D:4      | Reached skill level 5 in Axes
  3055 | D:4      | Reached skill level 5 in Armour
  4346 | D:5      | Entered Level 5 of the Dungeon
  4440 | D:5      | Found a staircase to the Ecumenical Temple.
  4522 | D:5      | Noticed Duvessa
  4522 | D:5      | Noticed Dowan
  4541 | D:5      | Killed Duvessa
  4541 | D:5      | Killed Dowan
  4542 | D:5      | Reached XP level 7. HP: 56/60 MP: 9/11
  4711 | D:5      | Reached *** piety under Lugonu
  5318 | D:5      | Reached XP level 8. HP: 43/67 MP: 12/12
  6196 | D:6      | Found a large runed translucent door.
  6197 | D:6      | Found a large runed translucent door.
  6279 | D:6      | Noticed a yak
  6280 | D:6      | Noticed a yak
  6281 | D:6      | Noticed a yak
  6282 | D:6      | Noticed a yak
  6290 | D:6      | Killed a yak
  6308 | D:6      | Killed a yak
  6318 | D:6      | Killed a yak
  6361 | D:7      | Reached XP level 9. HP: 13/70 MP: 9/14
  6901 | D:6      | Reached skill level 5 in Dodging
  7583 | D:6      | Found a radiant altar of Vehumet.
  7597 | D:6      | Found a shadowy altar of Dithmenos.
  8844 | D:7      | Reached **** piety under Lugonu
  8860 | D:7      | Reached XP level 10. HP: 36/80 MP: 17/17
  9475 | D:8      | Gained mutation: You are somewhat resistant to further
                  | mutation. [potion of mutation]
  9476 | D:8      | Lost mutation: You are somewhat resistant to further
                  | mutation. [potion of mutation]
  9476 | D:8      | Gained mutation: You are partially covered in iridescent
                  | scales. (AC +2) [potion of mutation]
  9476 | D:8      | Gained mutation: You are agile. (Dex +2) [potion of
                  | mutation]
  9476 | D:8      | Gained mutation: You tend to lose your temper in combat.
                  | [potion of mutation]
  9901 | D:8      | Identified the +10 flail of Interdependent Arising {flame,
                  | rF+ rC+ Stlth+}
  9927 | D:8      | Reached skill level 5 in Short Blades
  9927 | D:8      | Reached skill level 5 in Long Blades
  9927 | D:8      | Reached skill level 5 in Maces & Flails
  9927 | D:8      | Reached skill level 5 in Polearms
  9927 | D:8      | Reached skill level 5 in Staves
  9927 | D:8      | Reached skill level 5 in Slings
  9927 | D:8      | Reached skill level 5 in Bows
  9927 | D:8      | Reached skill level 5 in Crossbows
  9927 | D:8      | Reached skill level 5 in Throwing
  9927 | D:8      | Reached skill level 5 in Stealth
  9927 | D:8      | Reached skill level 5 in Shields
  9927 | D:8      | Reached skill level 5 in Unarmed Combat
  9927 | D:8      | Reached skill level 5 in Spellcasting
  9927 | D:8      | Reached skill level 5 in Evocations
 11305 | D:9      | Found an ancient bone altar of Kikubaaqudgha.
 12000 | D:9      | Noticed a two-headed ogre
 12045 | D:9      | Killed a two-headed ogre
 12197 | D:9      | Found a stormy altar of Qazlal.
 12264 | D:10     | Entered Level 10 of the Dungeon
 12378 | D:10     | Noticed a tengu warrior
 12442 | D:10     | Killed a tengu warrior
 12847 | D:10     | Reached XP level 11. HP: 71/87 MP: 19/19
 12936 | D:10     | Found a staircase to the Orcish Mines.
 13028 | D:10     | Noticed a two-headed ogre
 13084 | D:10     | Killed a two-headed ogre
 13630 | D:11     | Reached skill level 5 in Conjurations
 13630 | D:11     | Reached skill level 5 in Hexes
 13630 | D:11     | Reached skill level 5 in Summonings
 13630 | D:11     | Reached skill level 5 in Necromancy
 13630 | D:11     | Reached skill level 5 in Translocations
 13630 | D:11     | Reached skill level 5 in Transmutations
 13630 | D:11     | Reached skill level 5 in Fire Magic
 13630 | D:11     | Reached skill level 5 in Ice Magic
 13630 | D:11     | Reached skill level 5 in Air Magic
 13630 | D:11     | Reached skill level 5 in Earth Magic
 13630 | D:11     | Reached skill level 5 in Poison Magic
 14261 | D:11     | Noticed a two-headed ogre
 14354 | D:10     | Killed a two-headed ogre
 14403 | D:11     | Noticed a two-headed ogre
 14488 | D:11     | Noticed a two-headed ogre
 14496 | D:11     | Killed a two-headed ogre
 14512 | D:11     | Noticed a two-headed ogre
 14517 | D:11     | Noticed a two-headed ogre
 14862 | D:10     | Killed a two-headed ogre
 14977 | D:10     | Killed a two-headed ogre
 15355 | D:10     | Killed a two-headed ogre
 15620 | D:11     | Reached XP level 12. HP: 93/96 MP: 22/22
 15657 | D:11     | Found a staircase to the Lair.
 16075 | D:12     | Noticed Sonja
 16090 | D:12     | Killed Sonja
 16300 | D:12     | Noticed a two-headed ogre
 16318 | D:12     | Killed a two-headed ogre
 16687 | D:12     | Identified the +11 tower shield of the World {rCorr Str+4}
 17300 | Lair:1   | Entered Level 1 of the Lair of Beasts
 17432 | Lair:1   | Reached skill level 10 in Fighting
 17940 | Lair:1   | Identified a scroll of acquirement
 17940 | Lair:1   | Acquired the +6 demon trident of Focus {drain, *Corrode
                  | Dex+10 SInv Stlth-}
 18898 | Lair:1   | Noticed Grum
 18925 | Lair:1   | Killed Grum
 18926 | Lair:1   | Reached XP level 13. HP: 88/103 MP: 24/24
 19477 | Lair:2   | Found a transporter.
 19502 | Lair:2   | Found a transporter.
 19679 | Lair:2   | Reached skill level 10 in Invocations
 19759 | Lair:2   | Reached ***** piety under Lugonu
 19774 | Lair:2   | Noticed Gastronok
 19811 | Lair:2   | Killed Gastronok
 20400 | Lair:3   | Found a one-way gate to the infinite horrors of the Abyss.
 20402 | Lair:3   | Found a corrupted altar of Lugonu.
 21225 | Lair:3   | Found a staircase to the Snake Pit.
 23706 | Lair:4   | Found a staircase to the Swamp.
 24596 | Lair:5   | Reached skill level 10 in Axes
 24596 | Lair:5   | Reached skill level 10 in Armour
 24678 | Lair:4   | Reached XP level 14. HP: 47/113 MP: 26/26
 26042 | Lair:5   | Found a viscous altar of Jiyva.
 26043 | Lair:5   | Found a staircase to the Slime Pits.
 26302 | Lair:6   | Entered Level 6 of the Lair of Beasts
 26415 | Lair:5   | Reached ****** piety under Lugonu
 28965 | Lair:6   | Reached skill level 10 in Dodging
 29171 | D:13     | Noticed Maurice
 29179 | D:13     | Killed Maurice
 29316 | D:13     | Found Guitujal's Antique Armour Shoppe.
 29563 | D:13     | Reached XP level 15. HP: 95/120 MP: 28/28
 30056 | D:14     | Found a white marble altar of Elyvilon.
 30127 | D:14     | Found a sparkling altar of Nemelex Xobeh.
 30223 | D:14     | Found a gate to the Vaults.
 30305 | D:14     | Reached skill level 10 in Short Blades
 30305 | D:14     | Reached skill level 10 in Long Blades
 30305 | D:14     | Reached skill level 10 in Maces & Flails
 30305 | D:14     | Reached skill level 10 in Polearms
 30305 | D:14     | Reached skill level 10 in Staves
 30305 | D:14     | Reached skill level 10 in Slings
 30305 | D:14     | Reached skill level 10 in Bows
 30305 | D:14     | Reached skill level 10 in Crossbows
 30305 | D:14     | Reached skill level 10 in Throwing
 30305 | D:14     | Reached skill level 10 in Stealth
 30305 | D:14     | Reached skill level 10 in Shields
 30305 | D:14     | Reached skill level 10 in Unarmed Combat
 30305 | D:14     | Reached skill level 10 in Spellcasting
 30305 | D:14     | Reached skill level 10 in Evocations
 31088 | D:15     | Entered Level 15 of the Dungeon
 31091 | D:15     | Lost mutation: You tend to lose your temper in combat.
                  | [potion of mutation]
 31091 | D:15     | Lost mutation: You are agile. (Dex +2) [potion of mutation]
 31091 | D:15     | Gained mutation: Armour fits poorly on your strangely
                  | shaped body. [potion of mutation]
 31091 | D:15     | Gained mutation: Your movements are slightly less
                  | encumbered by armour. (ER -2) [potion of mutation]
 31092 | D:15     | Lost mutation: You are partially covered in iridescent
                  | scales. (AC +2) [potion of mutation]
 31092 | D:15     | Lost mutation: Armour fits poorly on your strangely shaped
                  | body. [potion of mutation]
 31092 | D:15     | Gained mutation: You are strong-willed. (Will+) [potion of
                  | mutation]
 31092 | D:15     | Gained mutation: You have hidden genetic defects. [potion
                  | of mutation]
 31288 | D:15     | Found a staircase to the Depths.
 31581 | D:15     | Noticed Azrael
 32072 | D:15     | Killed from afar by Azrael

Illustrated notes

Levels and vault maps discovered:
D:1:      roderic_crossed_star, layout_loops_ring,
          ebering_ecumenical_altar_petrified
D:2:      layout_loops_ring, serial_shops, shop
D:3:      layout_loops_cross
D:4:      layout_layer_cave, minmay_misc_feat_square, grunt_decor_arrowhead,
          grunt_ministairs_2, minmay_crossroads
D:5:      layout_basic, minmay_temple_entry_mist, serial_rivers,
          chequers_serial_rivers_large_b, chequers_serial_rivers_marsh,
          chequers_serial_rivers_large_a, chequers_serial_rivers_small_3,
          chequers_serial_rivers_micro_a, uniq_duvessa
D:6:      layout_rooms, jmf_multi_god_temple2, minmay_mini_ossuary
D:7:      layout_basic, enter_bailey_6, grunt_ministairs_2,
          hangedman_decor_slide_cut
D:8:      layout_cave_pods, minivault_23, hangedman_abyss_or_decor_stagger
D:9:      layout_gridville, mainiacjoe_overflow_boulevard,
          grunt_qazlal_sundering
D:10:     layout_roguey, orc_0_dummy, kennysheep_path_1,
          kennysheep_generic_room_4
D:11:     layout_cave_pools, lair_entry_dummy, chequers_serial_rivers_room_b,
          kennysheep_kite_vault
D:12:     layout_irregular_city, minmay_misc_feat_columns, uniq_sonja
D:13:     layout_roguey, serial_shops, nicolae_shop_statue_plus,
          minmay_misc_feat_five, uniq_maurice
D:14:     layout_basic, erik_vaults_2, lemuel_doored_altar,
          nemelex_spade_bored_becter
D:15:     gammafunk_depths_entry_grave, layout_loops_cross,
          lemuel_blue_sif_altar, cheibrodos_ashenzari_chains, uniq_azrael,
          uniq_rupert
Lair:1:   layout_cave_pods, minmay_lair_oklob_bushes, uniq_grum
Lair:2:   gammafunk_worm_tunnel, layout_regular_city, infiniplex_staircase_pool,
          grunt_megastairs_5, uniq_gastronok
Lair:3:   layout_loops_ring, dummy_snake_entry, serial_bayou,
          serial_bayou_ford_a, serial_bayou_crossing, serial_bayou_shore_a,
          serial_bayou_pond_b, serial_bayou_shore_b, serial_bayou_pond_e,
          amcnicky_altar_lugonu_corruption
Lair:4:   layout_loops_ring, palyth_hydra_swamp_entry, minmay_shattered_shrine
Lair:5:   lemuel_slime, layout_hall_layers, slime_altar_1,
          small_statue_intersection
Lair:6:   hangedman_lair_in_review, layout_big_grid

Skill      XL: |  1  2  3  4  5  6  7  8  9 10 11 12 13 14 15 |
---------------+----------------------------------------------+-----
Short Blades   | 1 2 3 4 5 6 7 8 9 10 | 10.2
Long Blades    | 1 2 3 4 5 6 7 8 9 10 | 10.2
Maces & Flails | 1 2 3 4 5 6 7 8 9 10 | 10.2
Polearms       | 1 2 3 4 5 6 7 8 9 10 | 10.2
Staves         | 1 2 3 4 5 6 7 8 9 10 | 10.2
Slings         | 1 2 3 4 5 6 7 8 9 10 | 10.2
Bows           | 1 2 3 4 5 6 7 8 9 10 | 10.2
Crossbows      | 1 2 3 4 5 6 7 8 9 10 | 10.2
Throwing       | 1 2 3 4 5 6 7 8 9 10 | 10.2
Stealth        | 1 2 3 4 5 6 7 8 9 10 | 10.2
Shields        | 1 2 3 4 5 6 7 8 9 10 | 10.2
Unarmed Combat | 1 2 3 4 5 6 7 8 9 10 | 10.2
Spellcasting   | 1 2 3 4 5 6 7 8 9 10 | 10.2
Evocations     | 1 2 3 4 5 6 7 8 9 10 | 10.2
Conjurations   | 1 2 3 4 5 6 7 8 |  8.5
Hexes          | 1 2 3 4 5 6 7 8 |  8.5
Summonings     | 1 2 3 4 5 6 7 8 |  8.5
Necromancy     | 1 2 3 4 5 6 7 8 |  8.5
Translocations | 1 2 3 4 5 6 7 8 |  8.5
Transmutations | 1 2 3 4 5 6 7 8 |  8.5
Fire Magic     | 1 2 3 4 5 6 7 8 |  8.5
Ice Magic      | 1 2 3 4 5 6 7 8 |  8.5
Air Magic      | 1 2 3 4 5 6 7 8 |  8.5
Earth Magic    | 1 2 3 4 5 6 7 8 |  8.5
Poison Magic   | 1 2 3 4 5 6 7 8 |  8.5
Dodging        | 3 4 5 6 7 8 9 10 | 10.5
Invocations    | 5 6 7 8 9 10 11 12 | 12.0
Axes           | 5 6 7 8 9 10 11 | 11.2
Armour         | 5 6 7 8 9 10 11 | 11.2
Fighting       | 7 8 9 10 11 12 | 12.0

Action                   |  1- 3 |  4- 6 |  7- 9 | 10-12 | 13-15 || total
-------------------------+-------+-------+-------+-------+-------++-------
Melee: Hand axe          |   107 |    65 |       |       |       ||   172
       Bite              |     8 |    13 |    72 |   229 |   493 ||   815
       Dagger            |       |    81 |   477 |  1247 |  1628 ||  3433
       Unarmed           |       |     3 |     1 |       |       ||     4
       Punch             |       |       |    11 |     2 |       ||    13
       Demon trident     |       |       |       |       |   423 ||   423
Throw: Dart              |       |       |     6 |    19 |    22 ||    47
Invok: Depart the Abyss  |     1 |       |       |       |       ||     1
       Banish            |       |       |     2 |     4 |     1 ||     7
       Bend Space        |       |       |       |     2 |     3 ||     5
Evoke: Wand              |       |       |       |       |     1 ||     1
  Use: Scroll            |     2 |     6 |     2 |     7 |    13 ||    30
       Potion            |       |       |     1 |     4 |     4 ||     9
 Stab: Petrified         |       |       |       |       |     1 ||     1
       Sleeping          |       |       |       |       |     1 ||     1
Armor: Chain mail        |    75 |    64 |    69 |   561 |   519 ||  1288
       Plate armour      |       |    14 |   184 |       |       ||   198
Dodge: Dodged            |    49 |    66 |   159 |   404 |   307 ||   985
Block: Buckler           |       |       |       |   101 |       ||   101
       Kite shield       |       |       |       |   286 |       ||   286
       Tower shield      |       |       |       |   497 |  2583 ||  3080
       Reflection        |       |       |       |       |    54 ||    54

Table legend: (Time is in decaauts)
 A = Elapsed time spent in this place.
 B = Non-inter-level travel time spent in this place.
 C = Inter-level travel time spent in this place.
 D = Time resting spent in this place.
 E = Time spent auto-exploring this place.
 F = Levels seen in this place.
 G = Mean time per level.
                   A        B        C        D        E       F      G
               +--------+--------+--------+--------+--------+-----+--------+
         Total |  32048 |  31174 |    874 |   5810 |  18119 |  23 | 1393.4 |
       Dungeon |  20137 |  19509 |    628 |   2758 |  12795 |  15 | 1342.5 |
          Lair |  11852 |  11606 |    246 |   3051 |   5284 |   6 | 1975.3 |
         Abyss |     59 |     59 |      0 |      0 |     40 |   2 |   29.5 |
               +--------+--------+--------+--------+--------+-----+--------+

Top non-repeatable levels by time:
    D:10: 2684 daAuts
  Lair:4: 2546 daAuts
  Lair:5: 2331 daAuts
  Lair:1: 2197 daAuts
  Lair:3: 2032 daAuts
     D:7: 1990 daAuts
  Lair:6: 1825 daAuts
     D:5: 1809 daAuts
     D:4: 1661 daAuts
    D:14: 1483 daAuts
     D:8: 1361 daAuts
     D:9: 1308 daAuts
     D:6: 1294 daAuts
    D:12: 1219 daAuts
    D:11: 1128 daAuts
